 Dungeon Crawl Stone Soup version 0.26-a0-665-gefeb406119 (webtiles) character file.

Game seed: 15034458046889802026

11999 Gargoyl the Fighter (level 11, -3/89 HPs)
             Began as a Gnoll Abyssal Knight on Oct 14, 2020.
             Was a High Priest of Lugonu.
             Shot with an arrow by Nessos (5 damage)
             ... on level 14 of the Dungeon.
             The game lasted 00:15:54 (11301 turns).

Gargoyl the Fighter (Gnoll Abyssal Knight)         Turns: 11301, Time: 00:15:54

Health: -3/89      AC: 16    Str: 18    XL:     11   Next: 86%
Magic:  21/21      EV: 14    Int: 20    God:    Lugonu [*****.]
Gold:   691        SH:  0    Dex: 15    Spells: 23/23 levels left

rFire    . . .     SeeInvis .   s - +3 flail (drain)
rCold    + . .     Faith    .   (no shield)
rNeg     + . .     Spirit   .   y - +2 scale mail {rN+}
rPois    .         Reflect  .   p - +2 helmet
rElec    .         Harm     .   B - +0 cloak
rCorr    .         Rampage  .   A - +0 pair of gloves
MR       .....                  (no boots)
Stlth    ++........             l - amulet of regeneration
HPRegen  0.64/turn              e - +6 ring of intelligence
MPRegen  0.17/turn              t - ring of protection from cold

@: lethally poisoned (-3 -> -16), lightly drained
A: distributed training, fangs 1, strong nose
a: Depart the Abyss, Bend Space, Banish, Corrupt, Enter the Abyss, Renounce
Religion


You were on level 14 of the Dungeon.
You worshipped Lugonu.
Lugonu was extremely pleased with you.
You visited 1 branch of the dungeon, and saw 12 of its levels.
You visited the Abyss 1 time.

You collected 691 gold pieces.

Inventory:

Hand Weapons
 a - a +3 hand axe
 i - a +4 hand axe
 s - a +3 flail of draining (weapon)
Missiles
 d - 51 poisoned darts (quivered)
Armour
 p - a +2 helmet (worn)
 y - a +2 scale mail of positive energy (worn)
 A - a +0 pair of gloves (worn)
 B - a +0 cloak (worn)
Jewellery
 e - a +6 ring of intelligence (left hand)
 j - an uncursed ring of ice
 l - an amulet of regeneration (around neck)
 t - a ring of protection from cold (right hand)
Wands
 c - a wand of disintegration (10)
 f - a wand of iceblast (17)
 h - a wand of random effects (48)
 n - a wand of polymorph (10)
 v - a wand of enslavement (7)
Scrolls
 b - a scroll of fog
 k - 2 scrolls of teleportation
 o - 3 scrolls of remove curse
 q - 5 scrolls of identify
 u - a scroll of blinking
Potions
 g - 3 potions of brilliance
 m - 5 potions of curing
 r - a potion of stabbing
 w - a potion of haste
 x - a potion of resistance {unknown}
 D - a potion of flight {unknown}


   Skills:
 + Level 9.4(9.2) Fighting
 + Level 6.7(6.4) Short Blades
 + Level 6.7(6.4) Long Blades
 + Level 8.2(7.9) Axes
 + Level 6.7(6.4) Maces & Flails
 + Level 6.7(6.4) Polearms
 + Level 6.7(6.4) Staves
 + Level 6.7(6.4) Slings
 + Level 6.7(6.4) Bows
 + Level 6.7(6.4) Crossbows
 + Level 6.7(6.4) Throwing
 + Level 8.2(7.9) Armour
 + Level 7.2(7.0) Dodging
 + Level 6.7(6.4) Stealth
 + Level 6.7(6.4) Shields
 + Level 6.7(6.4) Unarmed Combat
 + Level 6.7(6.4) Spellcasting
 + Level 5.5(5.3) Conjurations
 + Level 5.5(5.3) Hexes
 + Level 5.5(5.3) Summonings
 + Level 5.5(5.3) Necromancy
 + Level 5.5(5.3) Translocations
 + Level 5.5(5.3) Transmutations
 + Level 5.5(5.3) Fire Magic
 + Level 5.5(5.3) Ice Magic
 + Level 5.5(5.3) Air Magic
 + Level 5.5(5.3) Earth Magic
 + Level 5.5(5.3) Poison Magic
 + Level 8.7(8.5) Invocations
 + Level 6.7(6.4) Evocations


You had 23 spell levels left.
You didn't know any spells.
Your spell library was empty.

Dungeon Overview and Level Annotations

Branches:
Dungeon (11/15)            Temple (0/1) D:7            Lair (0/6) D:10
    Orc (0/2) D:9

Altars:
Dithmenos
Fedhas
Gozag
Hepliaklqana
Kikubaaqudgha
Nemelex Xobeh
Okawaru
Sif Muna
Uskayaw
Xom
Zin

Annotations:
D:8 2 transporters
D:14 Nessos


Innate Abilities, Weirdness & Mutations

Your experience applies equally to all skills.
You have very sharp teeth.
Your uncanny sense of smell can sniff out nearby items.


Message History

You completely miss Nessos.
Nessos is moderately wounded.
You feel sick.
Nessos blinks!
Nessos wields a +3 longbow of flaming.
It bursts into flame!
Nessos shoots an arrow.
The arrow barely misses you.
You feel sick.
Nessos shoots an arrow.
The arrow hits you.
* * * LOW HITPOINT WARNING * * *
The arrow burns you.
You are more poisoned.
* * * LOW HITPOINT WARNING * * *
Nessos shoots an arrow.
The arrow hits you!
* * * LOW HITPOINT WARNING * * *
The arrow burns you.
You are lethally poisoned!
* * * LOW HITPOINT WARNING * * *
You see here an arrow.
You feel much better.
You feel sick.
Nessos shoots an arrow.
The arrow hits you!!
* * * LOW HITPOINT WARNING * * *
The arrow burns you.
You die...

#. .# #.# . #.
..###..#. .......
..........
..##...###.........
..................#
...c...#..........#
..................#
.......@........#
#.###..#..(........
..................#
.##..##.(.(........
.........(..######.
....#.....^.# #
#+++###.# ∆ ###


You could see Nessos (fast, drained).

Vanquished Creatures
  Harold (D:11)
  Fannar (D:9)
  A centaur warrior (D:10)
  An unseen horror (D:9)
  Maurice (D:10)
  4 trolls
  Prince Ribbit (D:8)
  2 hornets (D:10)
  A wraith (D:8)
  Sigmund (D:3)
  9 yaks (D:11)
  2 humans (D:7)
  A neqoxec (Abyss:2)
  A soldier ant (D:10)
  3 sky beasts
  2 orc warriors
  A black bear (D:10)
  An ice beast (D:6)
  6 ogres
  4 necrophages
  2 centaurs
  A phantom (D:7)
  An elf zombie (D:8)
  6 bullfrogs
  A gnoll sergeant (D:9)
  4 scorpions
  9 killer bees
  19 wights
  3 electric eels (D:10)
  A centaur zombie (D:7)
  4 human zombies (D:8)
  A bullfrog zombie (D:6)
  5 jellies
  2 quasits
  4 hounds
  A centaur skeleton (D:2)
  2 orc priests
  A gnoll shaman (D:9)
  5 orc wizards
  2 human skeletons (D:8)
  5 iguanas
  9 worker ants
  Natasha (thrice) (D:3)
  A worker ant zombie (D:5)
  9 gnolls
  7 adders
  3 ufetubi
  An adder zombie (D:5)
  An adder skeleton (D:6)
  2 worms
  A dart slug (D:2)
  4 leopard geckos
  27 orcs
  2 bats
  4 giant cockroaches
  9 goblins
  6 hobgoblins
  7 jackals
  4 quokkas
  A ball python (D:4)
  4 frilled lizards
  8 kobolds
  A leopard gecko skeleton (D:7)
  A leopard gecko zombie (D:6)
  An orc skeleton (D:8)
  An orc zombie (D:8)
  A quokka zombie (D:5)
  6 rats
247 creatures vanquished.

Notes
Turn   | Place    | Note
-------+----------+-------------------------------------------
     0 | Abyss:1  | Gargoyl the Gnoll Abyssal Knight began the quest for the
                  | Orb.
     0 | Abyss:1  | Reached XP level 1. HP: 23/23 MP: 3/3
    63 | Abyss:2  | Noticed a neqoxec
    67 | Abyss:2  | Noticed an iron imp
    78 | Abyss:2  | Noticed a crimson imp
    81 | Abyss:2  | Killed a neqoxec
    81 | Abyss:2  | Reached skill level 1 in Short Blades
    81 | Abyss:2  | Reached skill level 1 in Long Blades
    81 | Abyss:2  | Reached skill level 1 in Maces & Flails
    81 | Abyss:2  | Reached skill level 1 in Polearms
    81 | Abyss:2  | Reached skill level 1 in Staves
    81 | Abyss:2  | Reached skill level 1 in Slings
    81 | Abyss:2  | Reached skill level 1 in Bows
    81 | Abyss:2  | Reached skill level 1 in Crossbows
    81 | Abyss:2  | Reached skill level 1 in Throwing
    81 | Abyss:2  | Reached skill level 1 in Stealth
    81 | Abyss:2  | Reached skill level 1 in Shields
    81 | Abyss:2  | Reached skill level 1 in Unarmed Combat
    81 | Abyss:2  | Reached skill level 1 in Spellcasting
    81 | Abyss:2  | Reached skill level 1 in Conjurations
    81 | Abyss:2  | Reached skill level 1 in Hexes
    81 | Abyss:2  | Reached skill level 1 in Summonings
    81 | Abyss:2  | Reached skill level 1 in Necromancy
    81 | Abyss:2  | Reached skill level 1 in Translocations
    81 | Abyss:2  | Reached skill level 1 in Transmutations
    81 | Abyss:2  | Reached skill level 1 in Fire Magic
    81 | Abyss:2  | Reached skill level 1 in Ice Magic
    81 | Abyss:2  | Reached skill level 1 in Air Magic
    81 | Abyss:2  | Reached skill level 1 in Earth Magic
    81 | Abyss:2  | Reached skill level 1 in Poison Magic
    81 | Abyss:2  | Reached skill level 1 in Evocations
    81 | Abyss:2  | Reached XP level 2. HP: 4/29 MP: 5/5
    81 | Abyss:2  | Reached XP level 3. HP: 5/35 MP: 6/6
    81 | Abyss:2  | Reached XP level 4. HP: 6/41 MP: 7/7
    81 | Abyss:2  | Reached XP level 5. HP: 7/47 MP: 8/8
   115 | Abyss:2  | Noticed an insubstantial wisp
   123 | Abyss:2  | Noticed a starcursed mass
   123 | Abyss:2  | Noticed a large abomination
   123 | Abyss:2  | Noticed a large abomination
   126 | Abyss:2  | Noticed a raiju
   128 | D:1      | Escaped the Abyss
   650 | D:1      | Reached * piety under Lugonu
  1198 | D:2      | Found a glowing silver altar of Zin.
  1201 | D:2      | Noticed an angel
  1204 | D:2      | Found a shimmering altar of Xom.
  1332 | D:2      | Reached skill level 5 in Invocations
  1335 | D:2      | Reached XP level 6. HP: 38/53 MP: 9/9
  2190 | D:2      | Found a shadowy altar of Dithmenos.
  2973 | D:3      | Noticed Natasha
  2981 | D:3      | Killed Natasha
  2981 | D:3      | Reached skill level 5 in Axes
  2981 | D:3      | Reached skill level 5 in Armour
  3174 | D:3      | Noticed Natasha
  3175 | D:3      | Noticed Sigmund
  3195 | D:3      | Killed Natasha
  3199 | D:3      | HP: 2/53 [poisoned by an orc]
  3644 | D:3      | Killed Sigmund
  3644 | D:3      | Reached skill level 7 in Fighting
  3644 | D:3      | Reached XP level 7. HP: 21/60 MP: 9/11
  3750 | D:3      | Noticed Natasha
  3761 | D:3      | Killed Natasha
  4343 | D:4      | Reached ** piety under Lugonu
  4375 | D:4      | Got a spiked leather armour
  4386 | D:4      | Identified the +1 leather armour "Sotsiafy" {rN+} (You
                  | found it on level 4 of the Dungeon)
  4910 | D:5      | Entered Level 5 of the Dungeon
  5012 | D:5      | Reached XP level 8. HP: 35/67 MP: 12/12
  5509 | D:5      | Found a hide-covered altar of Uskayaw.
  5509 | D:5      | Found an opulent altar of Gozag.
  5509 | D:5      | Found a hazy altar of Hepliaklqana.
  5509 | D:5      | Found a sparkling altar of Nemelex Xobeh.
  5523 | D:5      | Found a shimmering blue altar of Sif Muna.
  5527 | D:5      | Found an iron altar of Okawaru.
  5793 | D:6      | Found a blossoming altar of Fedhas.
  6163 | D:6      | Reached XP level 9. HP: 71/72 MP: 14/14
  6640 | D:6      | Found a sparkling altar of Nemelex Xobeh.
  6979 | D:6      | Reached skill level 5 in Dodging
  7138 | D:7      | Found an iron altar of Okawaru.
  7164 | D:7      | Reached skill level 8 in Fighting
  7223 | D:7      | Reached *** piety under Lugonu
  7705 | D:7      | Found a staircase to the Ecumenical Temple.
  7986 | D:8      | Noticed Prince Ribbit
  7992 | D:8      | Killed Prince Ribbit
  7992 | D:8      | Reached XP level 10. HP: 69/80 MP: 17/17
  8026 | D:8      | Found a transporter.
  8028 | D:8      | Found a transporter.
  8029 | D:8      | Noticed a boulder beetle
  8205 | D:8      | Found an ancient bone altar of Kikubaaqudgha.
  8234 | D:8      | Reached skill level 5 in Short Blades
  8234 | D:8      | Reached skill level 5 in Long Blades
  8234 | D:8      | Reached skill level 5 in Maces & Flails
  8234 | D:8      | Reached skill level 5 in Polearms
  8234 | D:8      | Reached skill level 5 in Staves
  8234 | D:8      | Reached skill level 5 in Slings
  8234 | D:8      | Reached skill level 5 in Bows
  8234 | D:8      | Reached skill level 5 in Crossbows
  8234 | D:8      | Reached skill level 5 in Throwing
  8234 | D:8      | Reached skill level 5 in Stealth
  8234 | D:8      | Reached skill level 5 in Shields
  8234 | D:8      | Reached skill level 5 in Unarmed Combat
  8234 | D:8      | Reached skill level 5 in Spellcasting
  8234 | D:8      | Reached skill level 5 in Evocations
  8428 | D:9      | Reached **** piety under Lugonu
  8843 | D:9      | Found a staircase to the Orcish Mines.
  9266 | D:10     | Entered Level 10 of the Dungeon
  9266 | D:10     | Noticed Fannar
  9281 | D:9      | Killed an unseen horror
  9521 | D:9      | Killed Fannar
  9704 | D:10     | Reached XP level 11. HP: 36/87 MP: 19/19
  9734 | D:10     | Banished an unseen horror
  9734 | D:10     | Reached skill level 9 in Fighting
  9919 | D:10     | Reached skill level 5 in Conjurations
  9919 | D:10     | Reached skill level 5 in Hexes
  9919 | D:10     | Reached skill level 5 in Summonings
  9919 | D:10     | Reached skill level 5 in Necromancy
  9919 | D:10     | Reached skill level 5 in Translocations
  9919 | D:10     | Reached skill level 5 in Transmutations
  9919 | D:10     | Reached skill level 5 in Fire Magic
  9919 | D:10     | Reached skill level 5 in Ice Magic
  9919 | D:10     | Reached skill level 5 in Air Magic
  9919 | D:10     | Reached skill level 5 in Earth Magic
  9919 | D:10     | Reached skill level 5 in Poison Magic
  9956 | D:10     | Found a staircase to the Lair.
  9997 | D:10     | Paralysed by a hornet for 2 turns
 10001 | D:10     | Paralysed by a hornet for 3 turns
 10214 | D:10     | Noticed Maurice
 10231 | D:10     | Killed Maurice
 10320 | D:10     | Noticed a centaur warrior
 10330 | D:10     | Killed a centaur warrior
 10937 | D:11     | Noticed Harold
 10990 | D:11     | Killed Harold
 11120 | D:11     | Reached ***** piety under Lugonu
 11290 | D:11     | You fall into a shaft and drop 3 floors!
 11291 | D:14     | Noticed Nessos
 11301 | D:14     | HP: 2/89 [Nessos/arrow (21)]
 11301 | D:14     | Shot with an arrow by Nessos

Illustrated notes

Levels and vault maps discovered:
D:1:      dpeg_arrival_tiny_c, layout_loops_ring, serial_aquarium,
          aquarium_bridge_straight [aquarium_subvault_bridge,
          aquarium_subvault_wall, aquarium_subvault_bridge,
          aquarium_subvault_window], aquarium_window_2, aquarium_window_fake,
          aquarium_window_1, aquarium_view_2d, aquarium_balcony_5a,
          aquarium_pool_2, minivault_4
D:2:      layout_basic, grunt_temple_overflow_order_and_chaos_1,
          grunt_dithmenos_smoke
D:3:      layout_basic, uniq_sigmund, uniq_natasha
D:4:      layout_gridville
D:5:      minmay_skewed_foursquare, layout_basic, minmay_overflow_temple_hex
D:6:      layout_cave_pods, serial_park_tiny_2, hangedman_feature_mirror
D:7:      layout_gridville, temple_hall, minmay_misc_feat_encased,
          okawaru_humans
D:8:      gammafunk_boulding_lane, layout_rooms,
          lemuel_mausoleum_altar_kikubaaqudgha, uniq_prince_ribbit1
D:9:      layout_loops_ring, orc_0_dummy
D:10:     layout_basic, lair_entry_dummy, uniq_fannar, uniq_maurice
D:11:     layout_basic, minmay_strange_pillars, kennysheep_windowed_goal,
          uniq_harold
D:14:     layout_rooms, ximxim_vaults_locker_room, serial_shops,
          nicolae_shop_behind_doors, chequers_arboretum, minivault_10,
          uniq_louise, uniq_nessos

Skill      XL: |  1  2  3  4  5  6  7  8  9 10 11 |
---------------+----------------------------------+-----
Short Blades   | 1 2 3 4 5 6 |  6.7
Long Blades    | 1 2 3 4 5 6 |  6.7
Maces & Flails | 1 2 3 4 5 6 |  6.7
Polearms       | 1 2 3 4 5 6 |  6.7
Staves         | 1 2 3 4 5 6 |  6.7
Slings         | 1 2 3 4 5 6 |  6.7
Bows           | 1 2 3 4 5 6 |  6.7
Crossbows      | 1 2 3 4 5 6 |  6.7
Throwing       | 1 2 3 4 5 6 |  6.7
Stealth        | 1 2 3 4 5 6 |  6.7
Shields        | 1 2 3 4 5 6 |  6.7
Unarmed Combat | 1 2 3 4 5 6 |  6.7
Spellcasting   | 1 2 3 4 5 6 |  6.7
Conjurations   | 1 2 3 4 5 |  5.5
Hexes          | 1 2 3 4 5 |  5.5
Summonings     | 1 2 3 4 5 |  5.5
Necromancy     | 1 2 3 4 5 |  5.5
Translocations | 1 2 3 4 5 |  5.5
Transmutations | 1 2 3 4 5 |  5.5
Fire Magic     | 1 2 3 4 5 |  5.5
Ice Magic      | 1 2 3 4 5 |  5.5
Air Magic      | 1 2 3 4 5 |  5.5
Earth Magic    | 1 2 3 4 5 |  5.5
Poison Magic   | 1 2 3 4 5 |  5.5
Evocations     | 1 2 3 4 5 6 |  6.7
Dodging        | 3 4 5 6 7 |  7.2
Invocations    | 5 6 7 8 |  8.7
Axes           | 5 6 7 8 |  8.2
Armour         | 5 6 7 8 |  8.2
Fighting       | 7 8 9 |  9.4

Action                   |  1- 3 |  4- 6 |  7- 9 | 10-12 || total
-------------------------+-------+-------+-------+-------++-------
Melee: Hand axe          |     6 |   199 |   183 |       ||   388
       Bite              |       |    28 |    48 |    79 ||   155
       Punch             |       |     3 |     5 |    22 ||    30
       Flail             |       |       |   268 |   571 ||   839
Throw: Dart              |       |     5 |    12 |    11 ||    28
Invok: Depart the Abyss  |       |     1 |       |       ||     1
       Banish            |       |       |       |     1 ||     1
Evoke: Wand              |     3 |     1 |       |       ||     4
  Use: Scroll            |       |     4 |    11 |     9 ||    24
       Potion            |       |     5 |     4 |     5 ||    14
 Stab: Sleeping          |       |       |       |     2 ||     2
Armor: Leather armour    |     2 |     9 |       |       ||    11
       Chain mail        |       |    97 |   308 |   109 ||   514
       Scale mail        |       |       |       |   267 ||   267
       Skin              |       |       |       |    20 ||    20
Dodge: Dodged            |    15 |    85 |   271 |   443 ||   814

Table legend: (Time is in decaauts)
 A = Elapsed time spent in this place.
 B = Non-inter-level travel time spent in this place.
 C = Inter-level travel time spent in this place.
 D = Time resting spent in this place.
 E = Time spent auto-exploring this place.
 F = Levels seen in this place.
 G = Mean time per level.
                   A        B        C        D        E       F      G
               +--------+--------+--------+--------+--------+-----+--------+
         Total |  11536 |  11332 |    204 |   1993 |   6420 |  14 |  824.0 |
       Dungeon |  11407 |  11203 |    204 |   1993 |   6339 |  12 |  950.6 |
         Abyss |    128 |    128 |      0 |      0 |     81 |   2 |   64.0 |
               +--------+--------+--------+--------+--------+-----+--------+

Top non-repeatable levels by time:
     D:2: 1635 daAuts
     D:3: 1408 daAuts
     D:6: 1272 daAuts
     D:9: 1262 daAuts
    D:10: 1199 daAuts
     D:1: 992 daAuts
     D:5: 839 daAuts
     D:7: 803 daAuts
     D:4: 758 daAuts
     D:8: 693 daAuts
    D:11: 532 daAuts
 Abyss:2: 118 daAuts
    D:14: 11 daAuts
 Abyss:1: 10 daAuts
